 Dungeon Crawl Stone Soup version 0.28-a0-1567-g1695149f81 (webtiles) character file.

Game seed: 11348602366620727686

29224 Smuffin the Severer (level 13, -3/107 HPs)
             Began as a Hill Orc Hedge Wizard on Jan 19, 2022.
             Was a Priest of Makhleb.
             Slain by an eight-headed hydra (6 damage)
             ... on level 3 of the Lair of Beasts.
             The game lasted 01:22:43 (24151 turns).

Smuffin the Severer (Hill Orc Hedge Wizard)        Turns: 24151, Time: 01:22:44

Health: -3/107     AC: 14    Str: 16    XL:     13   Next: 43%
Magic:  23/23      EV: 12    Int: 16    God:    Makhleb [***...]
Gold:   1118       SH:  5    Dex: 14    Spells: 8/26 levels left

rFire   . . .      SeeInvis .   G - +2 war axe (freeze)
rCold   + + .      Faith    .   (no shield)
rNeg    + + .      Spirit   .   o - +0 ring mail
rPois   +          Reflect  +   c - +0 hat
rElec   +          Harm     .   v - +1 cloak of Pocut {rN+ Dex+4}
rCorr   .          Rampage  .   k - +0 pair of gloves
Will    .....                   (no boots)
Stlth   ++........              y - amulet of Ischell {Reflect Drain rPois rC++ SH+5 Stlth+}
HPRegen 0.27/turn               D - ring "Upaunauc" {rElec rN+}
MPRegen 0.18/turn               x - +4 ring of protection

@: hasted, very quick
A: no striking features
a: Renounce Religion, Minor Destruction, Lesser Servant of Makhleb


You were on level 3 of the Lair of Beasts.
You worshipped Makhleb.
Makhleb was most pleased with you.
You visited 2 branches of the dungeon, and saw 15 of its levels.
You also visited: Ossuary.

You collected 1118 gold pieces.

Inventory:

Hand Weapons
 d - a +1 hand axe of venom
 q - a +0 war axe
 G - a +2 war axe of freezing (weapon)
Armour
 c - a +0 hat (worn)
 k - a +0 pair of gloves (worn)
 l - a +0 buckler
 o - a +0 ring mail (worn)
 v - the +1 cloak of Pocut (worn) {rN+ Dex+4}
   (You found it on level 8 of the Dungeon)

   Dex:       It affects your dexterity (+4).
   rN:        It protects you from negative energy.
 H - the +18 shield of the Gong {rElec rN+ Will+ EV-5}
   (You found it on level 2 of the Lair of Beasts)

   It is deafeningly noisy when blocking attacks.
   EV:        It affects your evasion (-5).
   rElec:     It insulates you from electricity.
   rN:        It protects you from negative energy.
   Will:      It increases your willpower.
Jewellery
 x - a +4 ring of protection (right hand)
 y - the amulet of Ischell (around neck) {Reflect Drain rPois rC++ SH+5 Stlth+}
   (You found it on level 7 of the Dungeon)

   [amulet of reflection]

   It reflects blocked missile attacks.
   rC:        It greatly protects you from cold.
   rPois:     It protects you from poison.
   Drain:     It drains your maximum health when unequipped.
   SH:        It affects your SH (+5).
   Stlth:     It makes you more stealthy.
 C - a ring of ice
 D - the ring "Upaunauc" (left hand) {rElec rN+}
   (You found it on level 11 of the Dungeon)

   [ring of positive energy]

   rElec:     It insulates you from electricity.
   rN:        It protects you from negative energy.
 E - a ring of poison resistance
 J - a ring of positive energy
Wands
 h - a wand of iceblast (7)
 i - a wand of flame (23)
 j - a wand of polymorph (9)
 u - a wand of mindburst (5)
Scrolls
 b - 2 scrolls of amnesia
 e - 7 scrolls of identify
 f - 3 scrolls of vulnerability
 m - 6 scrolls of magic mapping
 p - 3 scrolls of fog
Potions
 a - 3 potions of cancellation
 g - 4 potions of flight
 n - 4 potions of lignification
 r - 3 potions of resistance
 t - a potion of might
 w - a potion of mutation
 z - 2 potions of attraction
 A - a potion of brilliance
 B - a potion of haste


   Skills:
 + Level 7.7 Fighting
 * Level 15.2 Axes
 + Level 6.9 Armour
 - Level 3.4 Dodging
 - Level 1.5 Stealth
 - Level 7.0 Spellcasting
 - Level 8.5 Conjurations
 - Level 1.0 Summonings
 - Level 3.7 Translocations
 + Level 3.4 Fire Magic
 - Level 3.5 Air Magic
 - Level 4.0 Poison Magic
 + Level 8.1 Invocations
 + Level 4.3 Evocations


You had 8 spell levels left.
You knew the following spells:

 Your Spells              Type           Power      Damage    Failure   Level
a - Magic Dart            Conj           100%       1d8       1%          1
b - Blink                 Tloc           34%        N/A       7%          2
c - Mephitic Cloud        Conj/Pois/Air  22%        N/A       7%          3
d - Fire Storm            Conj/Fire      12%        8d3       100%        9
e - Conjure Flame         Conj/Fire      24%        6-21      5%          3

Your spell library contained the following spells:

 Spells                   Type           Power      Damage    Failure   Level
 Apportation              Tloc           34%        N/A       4%          1
 Dazzling Flash           Conj/Hex       38%        N/A       11%         3
 Swiftness                Air            17%        N/A       16%         3
 Iskenderun's Mystic Bla  Conj/Tloc      25%        2d7       17%         4
 Slow                     Hex            20%        N/A       22%         1
 Call Imp                 Summ           8%         N/A       22%         2
 Ensorcelled Hibernation  Hex/Ice        10%        N/A       32%         2
 Passwall                 Tmut/Erth      4%         N/A       32%         2
 Fulminant Prism          Conj/Hex       9%         3d7       36%         4
 Passage of Golubria      Tloc           17%        N/A       41%         4
 Confusing Touch          Hex            5%         N/A       54%         3
 Tukima's Dance           Hex            5%         N/A       54%         3
 Irradiate                Conj/Tmut      9%         3d17      71%         5
 Anguish                  Hex/Necr       2%         N/A       91%         4
 Animate Dead             Necr           2%         N/A       91%         4
 Summon Forest            Summ/Tloc      6%         N/A       92%         5
 Alistair's Intoxication  Tmut/Pois      8%         N/A       95%         5
 Starburst                Conj/Fire      12%        6d5       96%         6
 Blade Hands              Tmut           2%         N/A       99%         5
 Borgnjor's Vile Clutch   Necr/Erth      2%         N/A       99%         5
 Yara's Violent Unravell  Hex/Tmut       2%         3d3       99%         5
 Death Channel            Necr           2%         N/A       100%        6
 Eringya's Noxious Bog    Tmut/Pois      6%         N/A       100%        6
 Dragon Form              Tmut           2%         N/A       100%        7
 Enfeeble                 Hex            2%         N/A       100%        7
 Summon Hydra             Summ           4%         N/A       100%        7
 Chain Lightning          Conj/Air       12%        3d16      100%        9
 Shatter                  Erth           2%         3d6*      100%        9


Dungeon Overview and Level Annotations

Branches:
Dungeon (12/15)            Temple (0/1) D:5            Lair (3/6) D:10
 Shoals (0/4) Lair:3       Spider (0/4) Lair:2      Ossuary (visited)
    Orc: D:9-12

Altars:
Ashenzari
Cheibriados
Dithmenos
Elyvilon
Fedhas
Makhleb
Nemelex Xobeh
Qazlal
Sif Muna
Uskayaw
Vehumet
Wu Jian
Xom
Yredelemnul

Shops:
D:8 *

Annotations:
D:12 Nessos
Lair:1 Pooter's ghost, journeyman MiBe


Message History

Your hellwing disappears in a puff of smoke!
You hear a loud, deep croak!
You feel better.
You hear a croak.
The eight-headed hydra burns!
The eight-headed hydra closely misses you.
The eight-headed hydra bites you but does no damage.
You block the eight-headed hydra's attack.
The eight-headed hydra bites you but does no damage. x2
You block the eight-headed hydra's attack.
The eight-headed hydra bites you but does no damage.
The eight-headed hydra barely misses you.
Aiming: Minor Destruction (0% risk of failure)
Press: ? - help, Shift-Dir - straight line, f - spriggan, p - eight-headed hydra
Aim: a spriggan, wielding a +0 short sword, wearing a +0 robe and wearing a +0 buckler The puff of flame hits the eight-headed hydra!
The eight-headed hydra is heavily wounded.
The eight-headed hydra burns!
You block the eight-headed hydra's attack.
The eight-headed hydra bites you!
* * * LOW HITPOINT WARNING * * *
The eight-headed hydra misses you.
The eight-headed hydra bites you but does no damage.
The eight-headed hydra barely misses you.
The eight-headed hydra bites you but does no damage. x3
Aiming: Minor Destruction (0% risk of failure)
Press: ? - help, Shift-Dir - straight line, f - spriggan
Aim: a spriggan, wielding a +0 short sword, wearing a +0 robe and wearing a +2 buckler The glob of acid hits the eight-headed hydra!
The acid splashes onto the spriggan!
The spriggan is splashed with acid!
The acid corrodes the spriggan!
The eight-headed hydra is severely wounded.
Aiming: Minor Destruction (0% risk of failure)
Press: ? - help, Shift-Dir - straight line, f - spriggan, p - spriggan
Aim: a spriggan, wielding a +0 short sword, wearing a +0 robe and wearing a +0 buckler The stone arrow misses the eight-headed hydra.
The stone arrow misses the spriggan. x2
You hear a loud, deep croak!
The eight-headed hydra burns!
The eight-headed hydra bites you.
You die...

......#
###P...#
###...# ###...
#...## # #
##..
##...##.#.P..
#...
#...<.......
##.#
#P.......#....
###
#......#### .
# ..##.... #♣♣
.# ##P..P ♣@#
# ##..# ♣♣♣♣D♣
##.. #♣.♣i♣♣
.. #♣..i♣...♣
♣..♣♣.♣♣..♣
♣P..♣.♣ .§♣
#♣.♣♣i♣♣ ♣§♣
#4♣♣ ♣♣ ♣ #.♣♣


You could see an eight-headed hydra (burning) and 2 spriggans.

Vanquished Creatures
  Josephine (D:10)
  2 hydras
  2 two-headed ogres
  6 elephants
  2 black mambas (Lair:1)
  3 cane toads
  Psyche (D:10)
  2 rime drakes
  2 komodo dragons
  2 polar bears (Lair:1)
  2 trolls (D:10)
  A meliai zombie (D:10)
  11 blink frogs
  3 spriggans (Lair:3)
  3 wraiths
  6 wyverns
  28 yaks
  A basilisk (Lair:2)
  3 vampire mosquitoes (D:11)
  A steam dragon (D:6)
  The ghost of ptdevnull the Prestidigitator, an amateur GnWn of Wu Jian (D:6)
  8 water moccasins
  A black bear (D:5)
  An ice beast (D:6)
  2 sky beasts (D:6)
  An ogre (D:4)
  An orc warrior (D:9)
  2 necrophages (D:6)
  4 centaurs
  12 wolves
  A phantom (D:8)
  A kobold brigand (D:4)
  7 bullfrogs
  A gnoll sergeant (D:9)
  4 scorpions
  4 killer bees (D:10)
  4 wights (D:6)
  A howler monkey (D:9)
  4 centaur zombies
  A bullfrog zombie (D:6)
  5 orc priests
  2 jellies
  3 gnoll shamans
  2 bullfrog skeletons (D:6)
  Jessica (D:2)
  A centaur skeleton (D:6)
  4 iguanas
  7 orc wizards
  A scorpion zombie (D:5)
  A killer bee zombie (D:7)
  A hound skeleton (D:4)
  8 mummies (Ossuary)
  Robin (D:2)
  15 gnolls
  9 adders
  A shadow imp (D:7)
  A white imp (D:6)
  3 adder skeletons (D:4)
  2 worms (Lair:2)
  A dart slug (D:1)
  19 orcs
  6 ball pythons
  13 endoplasms
  6 giant cockroaches
  3 gnoll zombies (Ossuary)
  9 goblins
  7 hobgoblins
  2 quokkas
  8 bats
  3 hobgoblin zombies (Ossuary)
  5 kobolds
  A kobold zombie (Ossuary)
  An orc zombie (Ossuary)
  4 rats
  A butterfly (Lair:1)
300 creatures vanquished.

Vanquished Creatures (collateral kills)
  2 hydras
  A dancing weapon (D:6)
  2 two-headed ogres
  The ghost of RBrandon the Nimble, a novice DsCA of Yredelemnul (D:10)
  A manticore (D:9)
  A cane toad (Lair:1)
  The ghost of Xenoroth the Sneak, a novice OpBe of Trog (D:5)
  A meliai zombie (D:10)
  A spriggan (Lair:3)
  A yak (D:9)
  2 wraiths (D:10)
  A steam dragon (D:7)
  2 acid dragons
  A water moccasin (Lair:1)
  2 orc warriors (D:8)
  An ogre (D:4)
  A centaur (D:8)
  An orc wizard (D:8)
  2 gnolls (D:8)
25 creatures vanquished.

Vanquished Creatures (others)
  A killer bee zombie (D:7)
  A shadow imp (D:6)
  13 fungi
  59 plants
74 creatures vanquished.

Grand Total: 399 creatures vanquished

Notes
Turn   | Place    | Note
-------+----------+-------------------------------------------
     0 | D:1      | Smuffin the Hill Orc Hedge Wizard began the quest for the
                  | Orb.
     0 | D:1      | Reached XP level 1. HP: 14/14 MP: 3/3
   412 | D:1      | Reached XP level 2. HP: 17/22 MP: 1/5
   415 | D:1      | Learned a level 2 spell: Blink
   723 | D:1      | Reached skill level 1 in Fighting
   926 | D:1      | Reached skill level 1 in Armour
  1014 | D:1      | Found a faded altar of an unknown god.
  1028 | D:1      | Prayed at the altar of an unknown god.
  1028 | D:1      | Became a worshipper of Makhleb the Destroyer
  1028 | D:1      | Reached * piety under Makhleb
  1152 | D:1      | Reached skill level 1 in Translocations
  1258 | D:1      | Reached XP level 3. HP: 28/28 MP: 6/6
  1762 | D:2      | Noticed Jessica
  1774 | D:2      | Killed Jessica
  1775 | D:2      | Reached XP level 4. HP: 36/36 MP: 4/8
  1986 | D:2      | Noticed Robin
  2007 | D:2      | Killed Robin
  2357 | D:3      | Reached ** piety under Makhleb
  2803 | D:2      | Reached XP level 5. HP: 25/41 MP: 5/9
  2984 | D:3      | Reached skill level 1 in Invocations
  3655 | D:3      | Reached XP level 6. HP: 42/50 MP: 5/10
  5030 | D:4      | Reached XP level 7. HP: 34/57 MP: 8/11
  5510 | D:5      | Entered Level 5 of the Dungeon
  5910 | D:5      | Learned a level 3 spell: Mephitic Cloud
  6164 | D:5      | Found a staircase to the Ecumenical Temple.
  6299 | D:5      | Found a runed translucent gate.
  6299 | D:5      | Found a runed translucent gate.
  6299 | D:5      | Found a runed translucent gate.
  6304 | D:5      | Noticed Xenoroth's ghost (novice OpBe)
  6660 | D:6      | Found a radiant altar of Vehumet.
  6666 | D:6      | Reached *** piety under Makhleb
  6667 | D:6      | Noticed a steam dragon
  6702 | D:6      | Reached XP level 8. HP: 17/66 MP: 11/13
  6977 | D:6      | Found a runed translucent door.
  6978 | D:6      | Found a shimmering altar of Xom.
  6978 | D:6      | Noticed ptdevnull's ghost (amateur GnWn)
  6978 | D:6      | Noticed a +0 rapier of chaos
  6996 | D:6      | Found a snail-covered altar of Cheibriados.
  7022 | D:6      | Got the Papyrus of Execration and the Rocks
  7292 | D:6      | Found a basalt altar of Yredelemnul.
  7327 | D:6      | Reached skill level 5 in Fighting
  7478 | D:6      | Reached skill level 5 in Invocations
  7483 | D:6      | Reached XP level 9. HP: 25/73 MP: 15/15
  7725 | D:6      | Reached skill level 1 in Axes
  8083 | D:7      | Found a broken altar of Ashenzari.
  8090 | D:7      | Found a sand-covered staircase.
  8097 | Ossuary  | Entered an ossuary
  8643 | Ossuary  | Reached skill level 2 in Axes
  9270 | D:7      | Identified the amulet of Ischell {Reflect Drain rPois rC++
                  | SH+5 Stlth+}
  9754 | D:7      | Reached skill level 3 in Axes
  9754 | D:7      | Reached skill level 1 in Poison Magic
  9905 | D:7      | Reached skill level 1 in Air Magic
  9969 | D:7      | Found an ornate altar of the Wu Jian Council.
 10111 | D:7      | Reached skill level 5 in Conjurations
 11253 | D:8      | Found Latot's Neck Hole.
 11390 | D:8      | Reached skill level 4 in Axes
 11441 | D:8      | Found a hide-covered altar of Uskayaw.
 11870 | D:8      | Identified the +1 cloak of Pocut {rN+ Dex+4}
 11979 | D:8      | Noticed a two-headed ogre
 11987 | D:8      | Killed a two-headed ogre
 11988 | D:8      | Reached skill level 6 in Axes
 11988 | D:8      | Reached skill level 5 in Spellcasting
 11988 | D:8      | Reached XP level 10. HP: 81/81 MP: 10/17
 12045 | D:8      | Found a white marble altar of Elyvilon.
 12049 | D:8      | Found a sparkling altar of Nemelex Xobeh.
 12519 | D:8      | Found a shadowy altar of Dithmenos.
 12902 | D:9      | Reached skill level 7 in Axes
 13108 | D:9      | Noticed a manticore
 13627 | D:6      | Killed a +0 rapier of chaos
 13631 | D:6      | Killed ptdevnull's ghost
 13632 | D:6      | Reached skill level 8 in Axes
 14191 | D:5      | Killed Xenoroth's ghost
 14533 | D:9      | Killed a manticore
 15051 | D:9      | Reached skill level 9 in Axes
 15093 | D:9      | Reached XP level 11. HP: 64/88 MP: 15/19
 15216 | D:9      | Found a blossoming altar of Fedhas.
 15594 | D:10     | Entered Level 10 of the Dungeon
 15608 | D:10     | Noticed Josephine
 15619 | D:10     | Reached skill level 10 in Axes
 15888 | D:10     | Found a shimmering blue altar of Sif Muna.
 16113 | D:10     | Noticed a two-headed ogre
 16120 | D:10     | Killed a two-headed ogre
 16580 | D:9      | Reached skill level 11 in Axes
 16771 | D:10     | Found a stormy altar of Qazlal.
 16797 | D:10     | Killed Josephine
 16861 | D:10     | Noticed a two-headed ogre
 16899 | D:10     | Killed a two-headed ogre
 17173 | D:10     | Noticed Psyche
 17187 | D:10     | Killed Psyche
 17276 | D:10     | Reached skill level 12 in Axes
 17476 | D:10     | Found a staircase to the Lair.
 17529 | D:10     | Reached XP level 12. HP: 94/94 MP: 9/22
 17799 | D:10     | Reached **** piety under Makhleb
 18062 | D:11     | Reached skill level 13 in Axes
 18251 | D:11     | Reached skill level 5 in Armour
 18673 | D:11     | Found a runed translucent gate.
 18674 | D:11     | Found a runed translucent gate.
 18674 | D:11     | Noticed a 12-headed hydra
 18675 | D:11     | Found a runed translucent gate.
 18675 | D:11     | Noticed a nine-headed hydra
 18675 | D:11     | Noticed RBrandon's ghost (novice DsCA)
 19150 | D:11     | Noticed a two-headed ogre
 19163 | D:11     | Killed a two-headed ogre
 19164 | D:11     | Reached skill level 1 in Evocations
 19674 | D:10     | Killed RBrandon's ghost
 19949 | D:11     | Identified the ring "Upaunauc" {rElec rN+}
 20062 | D:12     | Noticed Nessos
 20531 | Lair:1   | Entered Level 1 of the Lair of Beasts
 21052 | Lair:1   | Noticed an eight-headed hydra
 21060 | Lair:1   | Killed an eight-headed hydra
 21246 | Lair:1   | Reached skill level 14 in Axes
 21280 | Lair:1   | Noticed a five-headed hydra
 21286 | Lair:1   | Found a runed translucent gate.
 21286 | Lair:1   | Found a runed translucent gate.
 21286 | Lair:1   | Noticed Pooter's ghost (journeyman MiBe)
 21288 | Lair:1   | Found a runed translucent gate.
 21463 | Lair:1   | Killed a five-headed hydra
 21484 | Lair:1   | HP: 4/97 [Pooter's ghost (24)]
 21785 | Lair:2   | Noticed a six-headed hydra
 21805 | Lair:1   | Learned a level 9 spell: Fire Storm
 22323 | Lair:2   | Reached skill level 1 in Fire Magic
 22424 | Lair:2   | Found a hole to the Spider Nest.
 22475 | Lair:2   | Reached XP level 13. HP: 99/104 MP: 23/23
 22708 | Lair:2   | Learned a level 3 spell: Conjure Flame
 23037 | Lair:2   | Found the +18 shield of the Gong {rElec rN+ Will+ EV-5}
 23583 | Lair:3   | Found a staircase to the Shoals.
 23626 | Lair:3   | Reached skill level 15 in Axes
 23822 | Lair:3   | Noticed a fire dragon
 23828 | Lair:3   | Upgraded the game from 0.28-a0-1555-g9ae15a6949 to
                  | 0.28-a0-1567-g1695149f81
 24145 | Lair:3   | HP: 2/107 [shot self (13)]
 24151 | Lair:3   | Slain by an eight-headed hydra

Illustrated notes

Levels and vault maps discovered:
D:1:      dpeg_arrival_tiny_a, layout_loops_cross, basic_ecumenical_altar,
          skrybe_limestone_x, amethyst_killhole
D:2:      layout_loops_ring, uniq_jessica, uniq_robin
D:3:      layout_basic
D:4:      layout_loops_cross, hangedman_decor_push
D:5:      layout_cave_pools, minmay_temple_entry_butterflies,
          gammafunk_ghost_split, minivault_1
D:6:      layout_basic, nicolae_overflow_crystal_walls,
          mainiacjoe_overflow_cross_hatched,
          mainiacjoe_overflow_surrounded_room, ebering_ghost_xom
D:7:      layout_loops_cross, ashenzari_conservatory_becter,
          mainiacjoe_overflow_boulevard, nicolae_ossuary_entry_monument
D:8:      layout_cave_pools, eat_drink_and_be_merry_uskayaw,
          grunt_dithmenos_shadows, minitemple, nicolae_shop_sticking_my_neck_out
D:9:      layout_irregular_city, mainiacjoe_overflow_alcove_4
D:10:     layout_irregular_city, mainiacjoe_overflow_concentric_impassable,
          nicolae_qazlal_scattered_showers, dpeg_oklobed_lair, uniq_psyche,
          uniq_josephine
D:11:     layout_loops_cross, gammafunk_ghost_hydra_chop
D:12:     layout_cave_pools, kennysheep_orc_monster_closet_entryway, uniq_nessos
Lair:1:   layout_cave_shapes, gammafunk_ghost_split, lemuel_fruit_fields
Lair:2:   layout_chaotic_city, nicolae_spider_entry_non_spiders,
          infiniplex_staircase_pool_2, wad_woods_river_01
Lair:3:   dragon1_lemuel, layout_layer_cave, shoals_dummy_entry, wad_woods_01

Skill      XL: |  1  2  3  4  5  6  7  8  9 10 11 12 13 |
---------------+----------------------------------------+-----
Fighting       | 1 2 3 4 5 6 7 |  7.7
Armour         | 1 2 3 4 6 |  6.9
Translocations | 1 2 3 |  3.7
Conjurations   | 2 3 4 5 6 8 |  8.5
Spellcasting   | 3 4 5 6 7 |  7.0
Invocations    | 1 2 3 5 7 8 |  8.1
Axes           | 6 9 12 14 15 | 15.2
Poison Magic   | 2 4 |  4.0
Air Magic      | 2 3 |  3.5
Dodging        | 3 |  3.4
Evocations     | 3 4 |  4.3
Fire Magic     | 1 3 |  3.4
Stealth        | |  1.5
Summonings     | |  1.0

Action                   |  1- 3 |  4- 6 |  7- 9 | 10-12 | 13-15 || total
-------------------------+-------+-------+-------+-------+-------++-------
Melee: Dagger            |    41 |       |       |       |       ||    41
       Punch             |     1 |     1 |     7 |    17 |     2 ||    28
       Spear             |    23 |   130 |   154 |    31 |       ||   338
       Unarmed           |       |    17 |       |     7 |       ||    24
       Hand axe          |       |       |   188 |   464 |       ||   652
       War axe           |       |       |       |   210 |   106 ||   316
 Cast: Magic Dart        |    35 |    85 |   195 |   153 |    19 ||   487
       Mephitic Cloud    |       |       |     1 |    29 |     8 ||    38
       Blink             |       |       |       |     3 |       ||     3
       Conjure Flame     |       |       |       |       |     3 ||     3
Invok: Minor Destruction |       |     2 |    27 |     7 |     9 ||    45
       Lesser Servant of |       |       |     3 |    20 |     5 ||    28
Evoke: Wand              |       |       |     6 |     5 |     2 ||    13
  Use: Potion            |       |     1 |     4 |     9 |     4 ||    18
       Scroll            |       |       |    21 |     8 |     4 ||    33
 Stab: Sleeping          |     4 |     3 |       |     2 |       ||     9
       Confused          |       |     1 |       |    42 |    11 ||    54
       Distracted        |       |       |     1 |     4 |       ||     5
       Invisible         |       |       |       |     1 |       ||     1
Armor: Leather armour    |    12 |    13 |       |       |       ||    25
       Robe              |     1 |       |       |       |       ||     1
       Skin              |       |     7 |       |     5 |       ||    12
       Ring mail         |       |    37 |   202 |   198 |    61 ||   498
Dodge: Dodged            |    35 |    65 |   267 |   307 |    73 ||   747
Block: Other             |       |       |    52 |   128 |    33 ||   213
       Reflection        |       |       |     4 |     1 |       ||     5

Table legend: (Time is in decaauts)
 A = Elapsed time spent in this place.
 B = Non-inter-level travel time spent in this place.
 C = Inter-level travel time spent in this place.
 D = Time resting spent in this place.
 E = Time spent auto-exploring this place.
 F = Levels seen in this place.
 G = Mean time per level.
                   A        B        C        D        E       F      G
               +--------+--------+--------+--------+--------+-----+--------+
         Total |  24145 |  22910 |   1235 |   8932 |   9739 |  16 | 1509.1 |
       Dungeon |  19755 |  18626 |   1129 |   7384 |   8072 |  12 | 1646.2 |
          Lair |   3479 |   3373 |    106 |    940 |   1598 |   3 | 1159.7 |
       Ossuary |    910 |    910 |      0 |    608 |     69 |   1 |  910.0 |
               +--------+--------+--------+--------+--------+-----+--------+

Top non-repeatable levels by time:
    D:10: 2625 daAuts
     D:9: 2479 daAuts
     D:4: 2130 daAuts
     D:6: 2119 daAuts
     D:7: 1853 daAuts
     D:8: 1804 daAuts
    D:11: 1636 daAuts
     D:1: 1491 daAuts
  Lair:1: 1482 daAuts
  Lair:2: 1371 daAuts
     D:3: 1352 daAuts
     D:2: 1099 daAuts
     D:5: 1035 daAuts
 Ossuary: 910 daAuts
  Lair:3: 625 daAuts
